 Dungeon Crawl Stone Soup version 0.28.0-1-gb440e238dd (webtiles) character file.

Game seed: 13573261479743002766

59 ReploidZero the Skirmisher (level 4, 0/24 HPs)
             Began as a Vine Stalker Fighter on Feb 22, 2022.
             Slain by Terence (8 damage)
             ... on level 2 of the Dungeon.
             The game lasted 00:05:56 (1943 turns).

ReploidZero the Skirmisher (Vine Stalker Fighter)   Turns: 1943, Time: 00:05:58

Health: 0/24       AC:  7    Str: 21    XL:     4   Next: 3%
Magic:  0/5        EV:  9    Int:  8    God:
Gold:   57         SH:  4    Dex: 13    Spells: 3/3 levels left

rFire   . . .      SeeInvis .   a - +0 long sword
rCold   . . .      Faith    .   c - +0 buckler
rNeg    . . .      Spirit   +   b - +0 scale mail
rPois   .          Reflect  .   (no helmet)
rElec   .          Harm     .   (no cloak)
rCorr   .          Rampage  .   e - +0 pair of gloves
Will    .....                   (no boots)
Stlth   ..........              (no amulet)
HPRegen 0.88/turn               (no ring)
MPRegen 0.09/turn               (no ring)

@: no status effects
A: fangs 2, regeneration 1, magic shield, antimagic bite, no potion heal 2
a: no special abilities


You were on level 2 of the Dungeon.
You visited 1 branch of the dungeon, and saw 2 of its levels.

You collected 57 gold pieces.

Inventory:

Hand Weapons
 a - a +0 long sword (weapon)
Armour
 b - a +0 scale mail (worn)
 c - a +0 buckler (worn)
 e - a +0 pair of gloves (worn)
Scrolls
 f - 3 scrolls of identify
Potions
 d - a potion of might
 g - a potion of mutation


   Skills:
 + Level 3.2(1.6) Fighting
 + Level 2.4(1.2) Long Blades
 + Level 2.8(1.4) Armour
 + Level 3.1(1.5) Shields


You had 3 spell levels left.
You didn't know any spells.
Your spell library was empty.

Dungeon Overview and Level Annotations

Branches:
Dungeon (2/15)

Altars:
Ashenzari

Annotations:
D:2 1 runed translucent door, Crazy Yiuf, Terence


Innate Abilities, Weirdness & Mutations

You have extremely sharp teeth.
Your natural rate of healing is unusually fast.
When hurt, damage is shared between your health and your magic reserves.
Your bite disrupts and absorbs the magic of your enemies.
Potions cannot restore your health.


Message History

As you read the scroll of identify, it crumbles to dust.
g - a potion of mutation You hit Terence but do no damage.
You bite Terence. You drain his power.
Terence is moderately wounded.
Terence hits you with a +0 flail.
You hit Terence but do no damage.
Terence is moderately wounded.
Terence hits you with a +0 flail! Terence hits you but does no damage.
You slash Terence! You bite Terence, but do no damage.
Terence is severely wounded.
Terence says, "Time to say good-bye..."
Terence hits you with a +0 flail.
You hit Terence. You bite Terence, but do no damage.
Terence is severely wounded.
Terence hits you with a +0 flail! Terence closely misses you.
You are too injured to fight recklessly!
You are too injured to fight recklessly!
You barely miss Terence.
Terence is severely wounded.
Terence closely misses you.
You hit Terence.
Terence is severely wounded.
You block Terence's attack.
You hit Terence but do no damage.
Terence is severely wounded.
Terence hits you with a +0 flail. x2
You barely miss Terence.
Terence is severely wounded.
Terence hits you with a +0 flail.
You hit Terence but do no damage.
Terence is severely wounded.
Terence hits you with a +0 flail. Terence barely misses you.
You barely miss Terence.
Terence is severely wounded.
Terence hits you with a +0 flail.
* * * LOW HITPOINT WARNING * * *
You barely miss Terence. You bite Terence, but do no damage.
Terence is severely wounded.
Terence hits you with a +0 flail!
You die...

#.####.##.##...#####.
#.# #.##(...........
#.# #.######.#######
####.####.# #.#
#.......[.######.##
#......#..........##
#..#.#.#.#####.....##
#..#...#.# ##.......##
#..##)...###...@.....#
#..#.......+...@.....+
#..##....###.........#
#........# ##.......##
##.###.### ##$....##
#.....# ##...##
#####.# ##+##
#.####### #.#
#.......# #.#


You could see Terence.

Vanquished Creatures
  An adder (D:2)
  A worm (D:2)
  A dart slug (D:1)
  3 endoplasms (D:1)
  2 giant cockroaches (D:1)
  4 goblins
  3 hobgoblins
  3 jackals (D:1)
  4 quokkas
  4 ball pythons (D:1)
  3 bats
  12 frilled lizards (D:1)
  2 kobolds (D:1)
  4 rats (D:1)
47 creatures vanquished.

Vanquished Creatures (others)
  4 plants (D:1)
4 creatures vanquished.

Grand Total: 51 creatures vanquished

Notes
Turn   | Place    | Note
-------+----------+-------------------------------------------
     0 | D:1      | ReploidZero the Vine Stalker Fighter began the quest for
                  | the Orb.
     0 | D:1      | Reached XP level 1. HP: 11/11 MP: 2/2
   380 | D:1      | Found a faded altar of an unknown god.
   415 | D:1      | Reached XP level 2. HP: 14/16 MP: 1/3
   506 | D:1      | Prayed at the altar of an unknown god.
   506 | D:1      | Became a worshipper of Ashenzari the Shackled
   678 | D:1      | Fell from the grace of Ashenzari
   851 | D:1      | Reached XP level 3. HP: 12/20 MP: 4/4
  1785 | D:2      | Found a runed translucent door.
  1786 | D:2      | Noticed Crazy Yiuf
  1856 | D:2      | Gained mutation: Your natural rate of healing is unusually
                  | fast. [Vine Stalker growth]
  1856 | D:2      | Reached XP level 4. HP: 7/24 MP: 5/5
  1929 | D:2      | Noticed Terence
  1943 | D:2      | Slain by Terence

Illustrated notes

Levels and vault maps discovered:
D:1:      kilobyte_arrival_exit_the_forest, layout_loops_cross,
          hellmonk_ecumenical_altar_heavens_door, roderic_serpentine_path,
          minmay_lizard_king
D:2:      layout_loops_corners, chequers_avenue, st_stairs_4,
          uniq_crazy_yiuf_cottage, uniq_terence, uniq_sigmund

Skill      XL: |  1  2 |
---------------+-------+-----
Long Blades    | 2 |  2.4
Fighting       | 3 |  3.2
Shields        | 3 |  3.1
Armour         | |  2.8

Action                   |  1- 3 |  4- 6 || total
-------------------------+-------+-------++-------
Melee: Long sword        |   100 |    13 ||   113
       Bite              |    18 |     4 ||    22
Invok: Renounce Religion |     1 |       ||     1
  Use: Scroll            |     2 |     1 ||     3
       Potion            |     1 |       ||     1
Armor: Scale mail        |    67 |     4 ||    71
Dodge: Dodged            |    51 |     3 ||    54
Block: Buckler           |    20 |     1 ||    21
